 Dungeon Crawl Stone Soup version 0.22-a0-480-g991dd4b (webtiles) character file.

6155 KristoblXynda the Grappler (level 10, -3/81 HPs)
             Began as a Troll Wizard on June 15, 2018.
             Was a Believer of Ashenzari.
             Slain by a wight
             ... wielding a cursed +5 flail of freezing
              (12 damage)
             ... on level 9 of the Dungeon.
             The game lasted 00:23:11 (8497 turns).

KristoblXynda the Grappler (Troll Wizard)           Turns: 8497, Time: 00:23:11

Health: -3/81      AC:  6    Str: 22    XL:     10   Next: 59%
Magic:  12/12      EV:  9    Int: 17    God:    Ashenzari [**....]
Gold:   428        SH:  0    Dex:  8    Spells: 9/13 levels left

rFire    + . .     SeeInvis .     - Unarmed
rCold    . . .     Gourm    +   (no shield)
rNeg     . . .     Faith    .   a - +0 robe
rPois    .         Spirit   .   b - +0 hat
rElec    .         Reflect  .   w - +0 cloak (curse)
rCorr    .         Harm     .   (gloves unavailable)
MR       .....                  (boots unavailable)
Stlth    +.........             (no amulet)
HPRegen  0.63/turn              x - ring of protection from fire
MPRegen  0.13/turn              z - ring of wizardry (curse)

@: mighty, drained
A: large, unfitting armour, claws 3, fast metabolism 3, gourmand, regeneration
1, shaggy fur 1, tough skin 2
a: Curse Item, Scrying, Renounce Religion


You were on level 9 of the Dungeon.
You worshipped Ashenzari.
Ashenzari was pleased with you.
You were full.

You visited 2 branches of the dungeon, and saw 10 of its levels.

You collected 428 gold pieces.

Inventory:

Armour
 a - a +0 robe (worn)
 b - a +0 hat (worn)
 w - a cursed +0 cloak (worn)
Jewellery
 x - a ring of protection from fire (left claw)
 z - a cursed ring of wizardry (right claw)
Wands
 e - a wand of paralysis (21)
 p - a wand of digging (13)
Scrolls
 c - 2 scrolls of blinking {unknown}
 h - a scroll of teleportation {unknown}
 i - a scroll of enchant armour {unknown}
 j - 2 scrolls of enchant weapon {unknown}
 k - 4 scrolls of noise {unknown}
 l - 5 scrolls of remove curse
 m - a scroll of summoning {unknown}
 o - 2 scrolls of immolation {unknown}
 q - a scroll of fog {unknown}
 s - a scroll of fear {unknown}
 y - 2 scrolls of amnesia
Potions
 f - a potion of might
 g - 2 potions of haste
 n - a potion of heal wounds
 r - 2 potions of curing
 t - a potion of brilliance
 u - 2 potions of agility
 v - a potion of cancellation
 A - 2 potions of mutation
Comestibles
 d - 12 rations


   Skills:
 - Level 1.5 Dodging
 - Level 1.0(0.9) Stealth
 + Level 11.2(11.1) Unarmed Combat
 - Level 2.0(1.9) Spellcasting
 + Level 8.8 Conjurations
   Level 0.6(0.5) Summonings
   Level 0.6(0.5) Translocations


You had 9 spell levels left.
You knew the following spells:

 Your Spells              Type           Power        Failure   Level  Hunger
a - Magic Dart            Conj           ####         1%          1    #......
b - Mephitic Cloud        Conj/Pois/Air  ##......     7%          3    ###....

Your spell library contained the following spells:

 Spells                   Type           Power        Failure   Level  Hunger
 Conjure Flame            Conj/Fire      ###.....     4%          3    ###....
 Slow                     Hex            #.......     12%         2    ###....
 Blink                    Tloc           N/A          10%         2    ###....
 Call Imp                 Summ           #.......     10%         2    ###....


Dungeon Overview and Level Annotations

Branches:
Dungeon (9/15)             Temple (1/1) D:7
   Lair: D:8-11         Orc: D:9-12

Altars:
Ashenzari
Cheibriados
Dithmenos
Elyvilon
Fedhas
Gozag
Hepliaklqana
Kikubaaqudgha
Makhleb
Nemelex Xobeh
Okawaru
Qazlal
Ru
Sif Muna
Trog
Uskayaw
Vehumet
Wu Jian
Xom
Yredelemnul
Zin
The Shining One

Shops:
D:8 :


Innate Abilities, Weirdness & Mutations

You are too large for most types of armour.
You have claws for hands.
Your metabolism is lightning-fast.
You like to eat raw meat.
Your natural rate of healing is unusually fast.
You are covered in fur. (AC +1)
You have very tough skin. (AC +2)


Message History

The porcupine barely misses you. The bullfrog zombie barely misses you.
You mangle the porcupine!!
You kill the porcupine!
The bullfrog zombie closely misses you.
You barely miss the ogre. The ogre barely misses you.
The bullfrog zombie hits you.
You barely miss the ogre. The bullfrog zombie hits you.
You mangle the ogre!!
The ogre is almost dead.
The ogre closely misses you.
The bullfrog zombie hits you but does no damage.
You barely miss the ogre. Your claw misses the ogre.
The ogre is almost dead.
The bullfrog zombie hits you. The ogre hits you with a giant club!!
* * * LOW HITPOINT WARNING * * *
You mangle the ogre!!
You kill the ogre!
The bullfrog zombie closely misses you.
The wight hits you with a flail of freezing!
You die...

* * , , * ,, , #......
,, .,* #......... * ..
#........,, , ... * *
#......O , , , ... *
#.. ..., , , , ..#>.
#.# .. , *
.#....####.##.#* .##..,
, .....gZ.@z.##.#
...... , *
......#####...#
###.#.#. , ...P.,
#......###......., ,
P..P.. #..z..........#*
, ,
.....z.#.............#
. P.
..PP..............#...
, #
*P.P.....[.?.##........
, , *
...P........##<...#...
, , P.P.......>.#######


You could see a wight, a gnoll and a bullfrog zombie.

Vanquished Creatures
  2 two-headed ogres (D:8)
  2 hippogriffs (D:8)
  A yak (D:8)
  Eustachio (D:5)
  2 hungry ghosts (D:8)
  Duvessa (D:4)
  A porcupine (D:9)
  A water moccasin (D:5)
  4 orc warriors
  A sky beast (D:5)
  2 black bears
  2 phantoms
  5 necrophages
  3 ogres
  2 big kobolds (D:7)
  4 bullfrogs
  2 wyvern zombies
  Dowan (D:4)
  2 water moccasin skeletons (D:5)
  6 killer bees
  4 wights
  3 howler monkeys (D:7)
  4 crimson imps
  A hound (D:4)
  2 centaur zombies
  3 orc priests
  3 centaur skeletons
  A gnoll shaman (D:7)
  A jelly (D:8)
  6 orc wizards
  An iguana (D:6)
  Ijyb (D:3)
  7 worker ants
  3 mummies (D:7)
  A worker ant zombie (D:6)
  Robin (D:3)
  16 gnolls
  5 adders
  2 shadow imps
  3 oozes
  An adder zombie (D:8)
  An adder skeleton (D:8)
  A worm (D:4)
  3 leopard geckos
  37 orcs
  A ball python (D:5)
  4 bats
  2 giant cockroaches
  17 goblins
  5 hobgoblins
  7 jackals
  5 quokkas
  3 frilled lizards
  A giant cockroach zombie (D:5)
  3 goblin zombies (D:5)
  2 hobgoblin zombies (D:5)
  2 jackal zombies
  18 kobolds
  A kobold skeleton (D:5)
  2 orc skeletons (D:5)
  3 rats
232 creatures vanquished.

Vanquished Creatures (others)
  A fungus (D:9)
  A withered plant (D:7)
2 creatures vanquished.

Grand Total: 234 creatures vanquished

Notes
Turn   | Place    | Note
-------+----------+-------------------------------------------
     0 | D:1      | KristoblXynda the Troll Wizard began the quest for the Orb.
     0 | D:1      | Reached XP level 1. HP: 16/16 MP: 2/2
   161 | D:1      | Reached skill level 1 in Conjurations
   164 | D:1      | Reached skill level 1 in Unarmed Combat
   209 | D:1      | Reached XP level 2. HP: 24/24 MP: 4/4
   821 | D:2      | Found a basalt altar of Yredelemnul.
   991 | D:2      | Found a burning altar of Makhleb.
  1323 | D:3      | Reached XP level 3. HP: 30/31 MP: 5/5
  1416 | D:3      | Reached skill level 2 in Unarmed Combat
  1429 | D:3      | Reached XP level 4. HP: 28/39 MP: 6/6
  1489 | D:3      | Found a sparkling altar of Nemelex Xobeh.
  1584 | D:3      | Found a white marble altar of Elyvilon.
  1600 | D:3      | Noticed Robin
  1661 | D:3      | Killed Robin
  1663 | D:3      | Reached skill level 3 in Unarmed Combat
  1871 | D:3      | Reached XP level 5. HP: 45/45 MP: 7/7
  1905 | D:3      | Learned a level 3 spell: Mephitic Cloud
  1937 | D:3      | Found a shattered altar of Ashenzari.
  2038 | D:3      | Noticed Ijyb
  2040 | D:3      | Became a worshipper of Ashenzari the Shackled
  2282 | D:3      | Killed Ijyb
  2646 | D:4      | Reached skill level 4 in Unarmed Combat
  2646 | D:4      | Reached XP level 6. HP: 48/53 MP: 8/8
  2706 | D:4      | Found a deep blue altar of Sif Muna.
  2717 | D:4      | HP: 2/53 [ogre/giant club (30)]
  3024 | D:4      | Noticed Dowan
  3029 | D:4      | Noticed Duvessa
  3042 | D:4      | Killed Duvessa
  3042 | D:4      | Reached skill level 5 in Unarmed Combat
  3042 | D:4      | Reached XP level 7. HP: 50/59 MP: 2/9
  3043 | D:4      | Killed Dowan
  3490 | D:5      | Entered Level 5 of the Dungeon
  3638 | D:5      | Reached skill level 6 in Unarmed Combat
  3689 | D:5      | Reached skill level 5 in Conjurations
  3689 | D:5      | Reached XP level 8. HP: 44/67 MP: 10/10
  3792 | D:5      | Found a glowing golden altar of the Shining One.
  4081 | D:5      | Found a hide-covered altar of Uskayaw.
  4112 | D:5      | Noticed Eustachio
  4183 | D:5      | Killed Eustachio
  4183 | D:5      | Reached skill level 7 in Unarmed Combat
  4988 | D:6      | Reached skill level 8 in Unarmed Combat
  5110 | D:6      | Reached * piety under Ashenzari
  5414 | D:6      | Found a shadowy altar of Dithmenos.
  5427 | D:6      | Reached XP level 9. HP: 61/74 MP: 11/11
  6269 | D:7      | Found a staircase to the Ecumenical Temple.
  6301 | D:7      | Reached skill level 9 in Unarmed Combat
  6948 | D:7      | Found a hazy altar of Hepliaklqana.
  7057 | Temple   | Entered the Ecumenical Temple
  7186 | Temple   | Reached ** piety under Ashenzari
  7457 | D:7      | Reached skill level 10 in Unarmed Combat
  7635 | D:8      | Reached XP level 10. HP: 49/81 MP: 8/12
  7682 | D:8      | Noticed a two-headed ogre
  7704 | D:8      | Noticed a two-headed ogre
  7708 | D:8      | Killed a two-headed ogre
  7745 | D:8      | Killed a two-headed ogre
  7842 | D:8      | Found Taadeoso's Book Shop.
  8152 | D:8      | Reached skill level 11 in Unarmed Combat
  8497 | D:9      | Slain by a wight

Vault maps used:
D:1:      scummos_arrival_hexagon
D:2:      yredelemnul_altar_generic, lemuel_crystal_altar, first_ration
D:3:      lemuel_doored_altar, ashenzari_conservatory_becter,
          nemelex_xobeh_ov_fountains_minmay, uniq_ijyb, uniq_robin
D:4:      old_standard_altar, uniq_duvessa
D:5:      eat_drink_and_be_merry_uskayaw, nicolae_tso_besieged_by_evil,
          hangedman_decor_riveting, uniq_eustachio
D:6:      grunt_dithmenos_shadows
D:7:      kennysheep_little_box, minmay_temple_entry_statues_fountains,
          serial_undead, serial_undead_b, serial_undead_f, serial_undead_e,
          serial_undead_f, serial_undead_c, serial_undead_b
D:8:      serial_shops, nicolae_shop_temple_entry_statues_fountains
D:9:      grunt_lair_entry_orc_guard_hut, serial_shops,
          nicolae_shop_overgrown_old_shop
Temple:   nicolae_temple_figure_eight

Skill      XL: |  1  2  3  4  5  6  7  8  9 10 |
---------------+-------------------------------+-----
Conjurations   | 1 2 3 4 5 6 7 8 |  8.8
Unarmed Combat | 1 2 3 4 5 6 8 10 11 | 11.2
Dodging        | |  1.5
Stealth        | |  1.0
Spellcasting   | |  2.0
Summonings     | |  0.6
Translocations | |  0.6

Action                   |  1- 3 |  4- 6 |  7- 9 | 10-12 || total
-------------------------+-------+-------+-------+-------++-------
Melee: Unarmed           |    82 |   172 |   508 |    95 ||   857
       Punch             |       |     1 |     8 |     1 ||    10
 Cast: Magic Dart        |       |    24 |     3 |       ||    27
       Mephitic Cloud    |       |       |     6 |     4 ||    10
Invok: Curse Item        |       |       |       |     1 ||     1
Evoke: Wand              |       |       |     1 |    10 ||    11
  Use: Scroll            |       |       |     9 |     1 ||    10
       Potion            |       |       |     2 |     3 ||     5
 Stab: Sleeping          |     2 |       |       |     2 ||     4
       Confused          |       |       |     5 |       ||     5
       Paralysed         |       |       |     5 |       ||     5
  Eat: Chunk             |    14 |    20 |    37 |    22 ||    93
       Ration            |       |       |       |     1 ||     1
Armor: Robe              |    28 |    66 |   186 |    37 ||   317
Dodge: Dodged            |    39 |    70 |   242 |    30 ||   381

Table legend:
 A = Spawn XP
 B = Non-spawn XP
 C = Spawn XP percentage of total XP
 D = Spawn monster count
 E = Non-spawn monster count
 F = Spawn count percentage of total count
 G = Total turns spent on level
                    A         B        C        D         E        F      G
               +---------+---------+-------+---------+---------+-------+---------
         Total |       0 |    8794 |   0.0 |       0 |     232 |   0.0 |  8497
               +---------+---------+-------+---------+---------+-------+---------
           D:1 |       0 |      26 |   0.0 |       0 |      12 |   0.0 |   717
           D:2 |       0 |      11 |   0.0 |       0 |       7 |   0.0 |   587
           D:3 |       0 |     297 |   0.0 |       0 |      51 |   0.0 |  1279
           D:4 |       0 |     603 |   0.0 |       0 |      19 |   0.0 |   907
           D:5 |       0 |    1056 |   0.0 |       0 |      26 |   0.0 |   780
           D:6 |       0 |    1161 |   0.0 |       0 |      28 |   0.0 |  1860
           D:7 |       0 |    1856 |   0.0 |       0 |      45 |   0.0 |  1223
           D:8 |       0 |    3302 |   0.0 |       0 |      37 |   0.0 |   879
           D:9 |       0 |     482 |   0.0 |       0 |       7 |   0.0 |    65
               +---------+---------+-------+---------+---------+-------+---------
